 Dungeon Crawl Stone Soup version 0.16-a0-253-g996e5b4 (webtiles) character file.

8479 MRaven the Martial Artist (level 11, -1/94 HPs)
             Began as a Red Draconian Transmuter on Aug 23, 2014.
             Was a Follower of the Shining One.
             Slain by a spectral orc warrior
             ... wielding a +2 glaive of freezing
             ... summoned by Nergalle
              (5 damage)
             ... on Level 10 of the Dungeon.
             The game lasted 01:18:04 (14744 turns).

MRaven the Martial Artist (DrTm)                   Turns: 14744, Time: 01:18:05

HP  -1/94        AC 10     Str 18      XL: 11   Next: 10%
MP  22/25        EV 13     Int 14      God: the Shining One [*.....]
Gold 523         SH  0     Dex 14      Spells:  5 memorised,  7 levels left

rFire  + . .     SeeInvis .       - Unarmed
rCold  . . .     Clarity  .     (armour unavailable)
rNeg   + . .     rCorr    .     (no shield)
rPois  +         rRot     .     q - +1 hat
rElec  .         Spirit   .     g - +0 cloak
SustAb .         Warding  +     (no gloves)
rMut   .         Stasis   .     e - +0 pair of boots
Gourm  .                        s - amulet of warding
MR     .....                    T - ring of poison resistance
                                R - +3 ring of slaying

@: mighty, lethally poisoned, appendage, very slightly contaminated, glowing,
drained, not resistant to hostile enchantments, very unstealthy
A: breathe fire, unfitting armour, horns 2, fire resistance 1, cold-blooded, AC
+7
a: Breathe Fire, End Transformation, Renounce Religion


You were on level 10 of the Dungeon.
You worshipped the Shining One.
The Shining One was aware of your devotion.
You were hungry.
You had grown temporary horns.
You visited 2 branches of the dungeon, and saw 11 of its levels.

You collected 523 gold pieces.

Inventory:

Missiles
 b - 124 arrows
 l - 5 tomahawks (quivered)
Armour
 e - a +0 pair of boots (worn)
 g - a +0 cloak (worn)
 q - a +1 hat (worn)
Magical devices
 w - a wand of hasting (0)
 y - a wand of disintegration (13)
 B - a wand of digging (10)
 M - a wand of teleportation (3)
 N - a wand of enslavement (8)
 Q - a wand of heal wounds (0)
 W - a wand of paralysis (14)
Comestibles
 a - 6 bread rations
 m - 2 slices of pizza
 A - 3 fruits
 D - 4 chunks of troll flesh
 P - 3 meat rations
 X - a beef jerky
Scrolls
 c - 9 scrolls of remove curse
 h - 5 scrolls of amnesia
 j - a scroll of recharging
 u - 4 scrolls of fear
 v - 4 scrolls of enchant weapon
 F - 2 scrolls of magic mapping
 I - a scroll of fog
 O - a scroll of identify
 S - a scroll of holy word
Jewellery
 o - an uncursed amulet of resist mutation
 s - an amulet of warding (around neck)
 t - an uncursed ring of teleportation
 C - an uncursed amulet of resist corrosion
 R - a +3 ring of slaying (left hand)
 T - a ring of poison resistance (right hand)
Potions
 f - 3 potions of restore abilities
 i - 2 potions of brilliance
 n - 3 potions of might
 p - 3 potions of agility
 z - 2 potions of cure mutation
 G - 2 potions of cancellation
 H - a potion of magic
 J - a potion of lignification
 K - a potion of flight
Books
 d - a book of Changes

   Spells                             Type                      Level
   *Beastly Appendage                 Transmutation                1
   *Sticks to Snakes                  Transmutation                2
   Spider Form                        Transmutation/Poison         3
   *Ice Form                          Ice/Transmutation            4
   *Blade Hands                       Transmutation                5
 k - a book of Alchemy

   Spells                             Type                      Level
   Sublimation of Blood               Necromancy                   2
   Alistair's Intoxication            Transmutation/Poison         4
   Condensation Shield                Ice                          4
   *Petrify                           Transmutation/Earth          4
   Ignite Poison                      Fire/Transmutation           5
 r - a book of Power

   Spells                             Type                      Level
   Fulminant Prism                    Conjuration/Hexes            4
   Iskenderun's Mystic Blast          Conjuration                  4
   Venom Bolt                         Conjuration/Poison           5
   Bolt of Magma                      Conjuration/Fire/Earth       5
   Iron Shot                          Conjuration/Earth            6
   Orb of Destruction                 Conjuration                  7
 x - a book of Fire

   Spells                             Type                      Level
   Ignite Poison                      Fire/Transmutation           5
   Fireball                           Conjuration/Fire             5
   Bolt of Fire                       Conjuration/Fire             6
   Delayed Fireball                   Conjuration/Fire             7
   Ring of Flames                     Charms/Fire                  7
 E - a book of the Warp

   Spells                             Type                      Level
   Control Teleport                   Charms/Translocation         4
   Phase Shift                        Translocation                5
   Warp Weapon                        Charms/Translocation         5
   Dispersal                          Translocation                6
   Controlled Blink                   Translocation                7
   Disjunction                        Translocation                8
 U - a book of Conjurations

   Spells                             Type                      Level
   Magic Dart                         Conjuration                  1
   Searing Ray                        Conjuration                  2
   Dazzling Spray                     Conjuration/Hexes            3
   Fulminant Prism                    Conjuration/Hexes            4
   Iskenderun's Mystic Blast          Conjuration                  4
   Iskenderun's Battlesphere          Conjuration/Charms           5


   Skills:
 - Level 8.0(7.8) Fighting
 + Level 3.0(2.8) Dodging
 * Level 11.2(11.0) Unarmed Combat
 - Level 6.9(6.7) Spellcasting
 - Level 7.9(7.7) Transmutations
 * Level 3.2(3.1) Evocations


You had 7 spell levels left.
You knew the following spells:

 Your Spells              Type           Power        Failure   Level  Hunger
a - Beastly Appendage     Trmt           ####..       1%          1    None
b - Ice Form              Ice/Trmt       ###.....     30%         4    ####...
c - Sticks to Snakes      Trmt           ####......   1%          2    #......
d - Petrify               Trmt/Erth      ###.....     30%         4    ####...
e - Blade Hands           Trmt           ####......   21%         5    #####..


Dungeon Overview and Level Annotations

Branches:
Dungeon (10/15)            Temple (1/1) D:7
    Orc: D:9-12        Lair: D:8-11

Altars:
Ashenzari
Cheibriados
Dithmenos
Elyvilon
Gozag
Kikubaaqudgha
Makhleb
Nemelex Xobeh
Okawaru
Sif Muna
Vehumet
Xom
Zin
The Shining One

Shops:
D:5 }

Annotations:
D:10 Nergalle


Innate Abilities, Weirdness & Mutations

You can breathe blasts of fire.
Your fiery red scales are hard (AC +7).
Your body does not fit into most forms of armour.
Your flesh is heat resistant.
Your cold-blooded metabolism reacts poorly to cold.
You have a pair of horns on your head.


Message History

You punch Nergalle!
Nergalle is almost dead.
* * * LOW HITPOINT WARNING * * *
You feel sick.
The spectral orc warrior hits you but does no damage.
Unknown command.
You hit Nergalle.
You headbutt Nergalle, but do no damage.
Nergalle is almost dead.
* * * LOW HITPOINT WARNING * * *
You feel sick. Nergalle hits you but does no damage.
The spectral orc warrior hits you with a flail.
* * * LOW HITPOINT WARNING * * *
The spectral orc hits you but does no damage.
You barely miss Nergalle.
Your tail-slap misses Nergalle.
Nergalle is almost dead.
* * * LOW HITPOINT WARNING * * *
You feel sick.
The spectral orc warrior hits you from afar with a glaive of freezing.
You die...

).#........#..
.................
..<.........
.............####
..........#
#.........###
###.#####.
##.........## # ..# .
#............### #.# ..
##.).......##...## .#
..#.###..........#
#.... ..
#......Z#........#
#.... # ...
#....o@Z...<....###.)..
#
#.._.)##..........#..##
#....Z #####...#...[.#
....... ##.....#..#
....... #.....#..#
...... ###...#..# .....
#...#..# .... #...##..
/ ##.######


You could see Nergalle, a spectral orc and 2 spectral orc warriors.

Vanquished Creatures
  The ghost of vatarom the Slicer, an experienced KoBe of Trog (D:8)
  Pikel (D:8)
  A centaur skeleton (D:10)
  2 trolls
  3 deep elf magi
  A trapdoor spider (D:10)
  A hippogriff (D:8)
  3 hungry ghosts
  3 ice beasts
  A water moccasin (D:8)
  9 sky beasts
  3 orc warriors
  2 black bears
  A phantom (D:8)
  5 ogres
  3 centaurs
  A gnoll sergeant (D:8)
  2 big kobolds
  9 giant frogs
  4 scorpions
  A yak zombie (D:8)
  An eye of draining (D:10)
  3 killer bees (D:9)
  A yak skeleton (D:8)
  5 wights
  A quasit (D:10)
  A centaur zombie (D:9)
  2 goliath beetles
  3 crimson imps
  6 hounds
  10 orc wizards
  A giant frog zombie (D:9)
  2 iguanas
  2 jellies
  2 orc priests (D:4)
  A gnoll shaman (D:7)
  A two-headed ogre zombie (D:9)
  A spectral orc (D:10)
  9 worker ants
  Ijyb (D:3)
  A big kobold skeleton (D:5)
  A hound skeleton (D:4)
  11 adders
  10 gnolls
  An inept feature mimic (D:4)
  A shadow imp (D:10)
  2 giant mites
  2 worms
  An adder skeleton (D:4)
  4 giant geckos
  An ooze (D:3)
  23 orcs
  7 giant cockroaches
  8 hobgoblins
  4 jackals
  3 quokkas
  2 ball pythons
  17 bats
  6 giant newts
  A giant spore (D:9)
  7 goblins
  A goblin skeleton (D:4)
  A hobgoblin zombie (D:3)
  27 kobolds
  2 orc skeletons
  A quokka zombie (D:5)
  14 rats
  2 ballistomycetes (D:9)
  A butterfly (D:7)
272 creatures vanquished.

Vanquished Creatures (others)
  3 slaves (D:8)
  An orc wizard (D:7)
  A bat (D:8)
5 creatures vanquished.

Grand Total: 277 creatures vanquished

Notes
Turn   | Place    | Note
--------------------------------------------------------------
     0 | D:1      | MRaven, the Draconian Transmuter, began the quest for the Orb.
     0 | D:1      | Reached XP level 1. HP: 16/16 MP: 3/3
   346 | D:1      | Reached XP level 2. HP: 14/23 MP: 0/4
  1072 | D:2      | Reached XP level 3. HP: 25/29 MP: 4/6
  1595 | D:2      | Gained mutation: Your magical capacity is low (-10% MP). [potion of mutation]
  1595 | D:2      | Gained mutation: You have difficulty communicating with the divine. [potion of mutation]
  1595 | D:2      | Gained mutation: You possess an exceptional clarity of mind. [potion of mutation]
  1683 | D:2      | Lost mutation: You possess an exceptional clarity of mind. [potion of cure mutation]
  1683 | D:2      | Lost mutation: Your magical capacity is low (-10% MP). [potion of cure mutation]
  1683 | D:2      | Lost mutation: You have difficulty communicating with the divine. [potion of cure mutation]
  1762 | D:3      | Learned a level 3 spell: Spider Form
  1846 | D:3      | Learned a level 2 spell: Sticks to Snakes
  2208 | D:3      | Noticed Ijyb
  2227 | D:3      | Killed Ijyb
  2227 | D:3      | Reached XP level 4. HP: 34/37 MP: 4/7
  3010 | D:4      | Reached skill level 4 in Unarmed Combat
  3085 | D:4      | Reached XP level 5. HP: 37/45 MP: 7/9
  3293 | D:4      | Found a shadowy altar of Dithmenos.
  3572 | D:4      | Reached XP level 6. HP: 34/51 MP: 9/11
  3724 | D:4      | Reached skill level 5 in Unarmed Combat
  5084 | D:4      | Your scales start taking on a fiery red colour.
  5084 | D:4      | Gained mutation: Your flesh is heat resistant. [draconian maturity]
  5084 | D:4      | Reached XP level 7. HP: 51/58 MP: 13/15
  5375 | D:5      | Entered Level 5 of the Dungeon
  5570 | D:5      | Reached skill level 6 in Unarmed Combat
  5673 | D:5      | Found Caom's Gadget Shoppe.
  5960 | D:5      | Reached XP level 8. HP: 67/67 MP: 13/18
  6370 | D:5      | Reached skill level 5 in Transmutations
  6917 | D:6      | Reached skill level 5 in Fighting
  6917 | D:6      | Reached skill level 7 in Unarmed Combat
  7246 | D:6      | Found a radiant altar of Vehumet.
  7254 | D:6      | Found an iron altar of Okawaru.
  7256 | D:6      | Found a deep blue altar of Sif Muna.
  7260 | D:6      | Found a shimmering altar of Xom.
  8348 | D:7      | Found a staircase to the Ecumenical Temple.
  8364 | Temple   | Entered the Ecumenical Temple
  8372 | Temple   | Became a worshipper of the Shining One
  8425 | D:7      | Was placed under penance by the Shining One
  8427 | D:7      | Fell from the grace of the Shining One
  8433 | D:7      | Reached skill level 5 in Spellcasting
  8434 | D:7      | Reached skill level 8 in Unarmed Combat
  8434 | D:7      | Reached XP level 9. HP: 63/75 MP: 17/21
  8466 | Temple   | Became a worshipper of the Shining One
  8493 | D:7      | Learned a level 4 spell: Ice Form
  8498 | D:7      | Learned a level 4 spell: Petrify
  8504 | D:7      | Learned a level 5 spell: Blade Hands
  9827 | D:8      | Noticed vatarom's ghost (experienced KoBe)
  9887 | D:8      | Killed vatarom's ghost
 10042 | D:7      | Reached skill level 9 in Unarmed Combat
 11111 | D:8      | Reached XP level 10. HP: 67/86 MP: 23/23
 11480 | D:8      | Noticed Pikel
 11499 | D:8      | Killed Pikel
 11667 | D:8      | Reached skill level 10 in Unarmed Combat
 11883 | D:8      | Acquired the Shining One's first power
 13696 | D:9      | Found a sparkling altar of Nemelex Xobeh.
 13869 | D:9      | Reached skill level 1 in Evocations
 13927 | D:10     | Entered Level 10 of the Dungeon
 14110 | D:10     | Reached skill level 11 in Unarmed Combat
 14169 | D:10     | Reached XP level 11. HP: 91/94 MP: 25/25
 14720 | D:10     | Found a shimmering altar of Xom.
 14724 | D:10     | Noticed Nergalle
 14744 | D:10     | HP: 4/94 [poisoned by Nergalle]
 14744 | D:10     | Slain by a spectral orc warrior

Action                   |  1- 3 |  4- 6 |  7- 9 | 10-12 || total
-------------------------+-------+-------+-------+-------++-------
Melee: Unarmed           |   176 |   284 |   559 |   287 ||  1306
 Fire: Blowgun           |     5 |       |       |       ||     5
 Cast: Beastly Appendage |     2 |    14 |    22 |    18 ||    56
       Sticks to Snakes  |     1 |       |       |       ||     1
       Spider Form       |       |     4 |    16 |       ||    20
       Blade Hands       |       |       |       |     4 ||     4
 Abil: Breathe Fire      |       |       |     2 |       ||     2
Evoke: Wand              |       |     2 |    10 |     2 ||    14
  Use: Scroll            |    10 |     4 |     8 |     1 ||    23
       Potion            |     2 |       |     3 |     1 ||     6
 Stab: Sleeping          |       |     2 |     1 |       ||     3
  Eat: Chunk             |     4 |    11 |    20 |    12 ||    47
       Beef jerky        |       |       |     2 |     1 ||     3
